 Dungeon Crawl Stone Soup version 0.27-a0-1219-g958d993ae5 (webtiles) character file.

Game seed: 7797358462745608335

268 polve the Conjurer (level 6, -5/47 HPs)
             Began as a Demonspawn Abyssal Knight on June 6, 2021.
             Was a Believer of Lugonu.
             Slain by an ogre
             ... wielding a +0 giant club
              (24 damage)
             ... on level 4 of the Dungeon.
             The game lasted 00:03:53 (5198 turns).

polve the Conjurer (Demonspawn Abyssal Knight)      Turns: 5198, Time: 00:03:53

Health: -5/47      AC:  5    Str: 14    XL:     6   Next: 0%
Magic:  13/16      EV: 11    Int: 14    God:    Lugonu [**....]
Gold:   158        SH:  0    Dex: 12    Spells: 4/5 levels left

rFire    . . .     SeeInvis .   a - +1 short sword
rCold    . . .     Faith    .   (no shield)
rNeg     . . .     Spirit   .   b - +0 leather armour
rPois    .         Reflect  .   (no helmet)
rElec    .         Harm     .   (no cloak)
rCorr    .         Rampage  .   (no gloves)
Will     .....                  (no boots)
Stlth    +.........             (no amulet)
HPRegen  0.15/turn              k - ring of magical power
MPRegen  0.15/turn              o - ring of wizardry

@: no status effects
A: yellow scales 1, demonic magic 2
a: Renounce Religion, Depart the Abyss, Bend Space


You were on level 4 of the Dungeon.
You worshipped Lugonu.
Lugonu was pleased with you.
You visited 1 branch of the dungeon, and saw 4 of its levels.
You visited the Abyss 1 time.

You collected 158 gold pieces.

Inventory:

Hand Weapons
 a - a +1 short sword (weapon)
Armour
 b - a +0 leather armour (worn)
Jewellery
 k - a ring of magical power (left hand)
 o - a ring of wizardry (right hand)
Scrolls
 d - 2 scrolls of teleportation {unknown}
 e - a scroll of magic mapping {unknown}
 h - a scroll of amnesia {unknown}
 i - a scroll of identify {unknown}
 l - 4 scrolls of enchant armour {unknown}
 m - a scroll of fog {unknown}
 r - 2 scrolls of blinking {unknown}
Potions
 c - a potion of mutation {unknown}
 f - a potion of heal wounds {unknown}
 g - a potion of might {unknown}
 j - a potion of flight {unknown}
 n - a potion of invisibility {unknown}
 p - a potion of attraction {unknown}
 q - a potion of magic {unknown}


   Skills:
 - Level 3.0 Fighting
 - Level 3.7 Short Blades
 - Level 1.7 Armour
 - Level 0.8 Dodging
 + Level 4.5 Conjurations
 - Level 2.4 Invocations


You had 4 spell levels left.
You knew the following spells:

 Your Spells              Type           Power      Damage    Failure   Level
a - Magic Dart            Conj           48%        1d5       2%          1

Your spell library contained the following spells:

 Spells                   Type           Power      Damage    Failure   Level
 Conjure Flame            Conj/Fire      6%         6-21      16%         3
 Blink                    Tloc           N/A        N/A       21%         2
 Call Imp                 Summ           0%         N/A       21%         2
 Slow                     Hex            0%         N/A       21%         2
 Mephitic Cloud           Conj/Pois/Air  4%         N/A       22%         3


Dungeon Overview and Level Annotations

Branches:
Dungeon (4/15)             Temple (0/1) D:4

Altars:
Ashenzari
Kikubaaqudgha
Makhleb


Innate Abilities, Weirdness & Mutations

You are partially covered in yellow scales. (AC +2)
Spells you cast may paralyse nearby enemies.


Message History

There is an open door here.
Found 24 stones.
An ogre comes into view. It is wielding a +0 giant club.
An ogre is nearby!
An ogre is nearby!
The magic dart hits the ogre.
The ogre is moderately wounded.
The ogre shouts!
Malevolent energies surge around you.
The magic dart hits the ogre but does no damage.
The ogre is moderately wounded.
Malevolent energies surge around you.
The magic dart hits the ogre.
The ogre is moderately wounded.
Malevolent energies surge around you.
The magic dart hits the ogre.
The ogre is heavily wounded.
Malevolent energies surge around you.
The ogre hits you with a +0 giant club!!
There is an open door here.
You are too injured to fight recklessly!
Casting: Magic Dart (safe; 2% risk of failure)
Confirm with . or Enter, or press ? or * to list all spells.
Aiming: Magic Dart (safe; 2% risk of failure)
Press: ? - help, Shift-Dir - straight line, f/p - ogre
Aim: an ogre, wielding a +0 giant club (heavily wounded, 100% to hit)
The magic dart hits the ogre.
The ogre is severely wounded.
Malevolent energies surge around you. The ogre hits you with a +0 giant club!
Casting: Magic Dart (safe; 2% risk of failure)
Confirm with . or Enter, or press ? or * to list all spells.
Aiming: Magic Dart (safe; 2% risk of failure)
Press: ? - help, Shift-Dir - straight line, f/p - ogre
Aim: an ogre, wielding a +0 giant club (severely wounded, 100% to hit)
The magic dart hits the ogre.
The ogre is almost dead.
Malevolent energies surge around you.
The ogre hits you with a +0 giant club!!
Ouch! That really hurt!
You die...

...####...#.###.#
##[##.# #.##.###.#
##.......# ≈≈≈
###.##### ≈...
#.### ... #...##
...≈ #.#..#
#.#≈######@# ≈≈
#.#≈≈≈≈≈≈#O#
≈...##♣.♣##...≈#.#
≈..............'.#
...##♣.♣##...≈###
≈≈ #.#≈≈≈≈≈≈# ##
#≈#.#≈###### .#
#≈...≈# .# #≈...≈#


You could see an ogre.

Vanquished Creatures
  A centaur (D:4)
  A hound (D:4)
  An orc priest (D:3)
  3 gnolls (D:3)
  An adder (D:2)
  An ufetubus (D:4)
  An adder skeleton (D:4)
  A worm (D:2)
  15 orcs
  5 ball pythons
  2 endoplasms
  4 giant cockroaches
  4 goblins
  5 hobgoblins
  5 kobolds
  2 quokkas (D:4)
  7 bats
  3 frilled lizards (D:1)
  6 rats
68 creatures vanquished.

Vanquished Creatures (others)
  2 plants (D:1)
2 creatures vanquished.

Grand Total: 70 creatures vanquished

Notes
Turn   | Place    | Note
-------+----------+-------------------------------------------
     0 | Abyss:1  | polve the Demonspawn Abyssal Knight began the quest for the
                  | Orb.
     0 | Abyss:1  | Reached XP level 1. HP: 18/18 MP: 2/2
     1 | Abyss:1  | Found a corrupted altar of Lugonu.
    46 | Abyss:1  | Noticed a quasit
    60 | D:1      | Escaped the Abyss
   768 | D:1      | Reached * piety under Lugonu
   811 | D:1      | Gained mutation: Spells you cast may paralyse adjacent
                  | enemies. [demonic ancestry]
   811 | D:1      | Reached XP level 2. HP: 15/24 MP: 3/3
  1695 | D:2      | Found a faded altar of an unknown god.
  1978 | D:2      | Gained mutation: Spells you cast may paralyse nearby
                  | enemies. [demonic ancestry]
  1978 | D:2      | Reached XP level 3. HP: 26/29 MP: 4/4
  2258 | D:3      | Found an ancient bone altar of Kikubaaqudgha.
  3101 | D:3      | Learned a level 1 spell: Magic Dart
  3188 | D:3      | Reached skill level 1 in Conjurations
  3188 | D:3      | Reached XP level 4. HP: 17/35 MP: 5/5
  3521 | D:3      | Reached ** piety under Lugonu
  3680 | D:3      | Reached skill level 2 in Conjurations
  4127 | D:4      | Gained mutation: You are partially covered in yellow
                  | scales. (AC +2) [demonic ancestry]
  4127 | D:4      | Reached XP level 5. HP: 41/41 MP: 6/6
  4130 | D:4      | Reached skill level 3 in Conjurations
  4188 | D:4      | Found a broken altar of Ashenzari.
  4429 | D:4      | Found a burning altar of Makhleb.
  4464 | D:4      | Noticed a centaur
  4482 | D:4      | Killed a centaur
  4483 | D:4      | Reached skill level 4 in Conjurations
  4999 | D:4      | Found a staircase to the Ecumenical Temple.
  5008 | D:4      | Reached XP level 6. HP: 47/47 MP: 7/7
  5081 | D:4      | Identified the +9 plate armour of Depression {+Inv Int-3
                  | Dex-5 SInv}
  5198 | D:4      | Slain by an ogre

Illustrated notes

Levels and vault maps discovered:
D:1:      dpeg_arrival_erosion, layout_loops_ring, serial_bayou_lagoon_b
D:2:      layout_basic, shapermc_ecumenical_altar_flowoftime, minmay_tall_x
D:3:      layout_loops_ring, lemuel_crystal_altar, minivault_25
D:4:      layout_loops_corners, lightli_temple_of_fire, ashenzari_altar_1,
          temple_fountains, kennysheep_minor_cross

Skill      XL: |  1  2  3  4  5 |
---------------+----------------+-----
Short Blades   | 2 3 |  3.7
Conjurations   | 1 2 4 |  4.5
Fighting       | |  3.0
Armour         | |  1.7
Dodging        | |  0.8
Invocations    | |  2.4

Action                   |  1- 3 |  4- 6 || total
-------------------------+-------+-------++-------
Melee: Short sword       |   154 |    52 ||   206
 Cast: Magic Dart        |       |    62 ||    62
Invok: Depart the Abyss  |     1 |       ||     1
 Stab: Paralysed         |       |    19 ||    19
Armor: Leather armour    |    50 |    16 ||    66
Dodge: Dodged            |   109 |    30 ||   139

Table legend: (Time is in decaauts)
 A = Elapsed time spent in this place.
 B = Non-inter-level travel time spent in this place.
 C = Inter-level travel time spent in this place.
 D = Time resting spent in this place.
 E = Time spent auto-exploring this place.
 F = Levels seen in this place.
 G = Mean time per level.
                   A        B        C        D        E       F      G
               +--------+--------+--------+--------+--------+-----+--------+
         Total |   5208 |   5098 |    110 |      0 |   4418 |   5 | 1041.6 |
       Dungeon |   5147 |   5037 |    110 |      0 |   4372 |   4 | 1286.8 |
         Abyss |     60 |     60 |      0 |      0 |     46 |   1 |   60.0 |
               +--------+--------+--------+--------+--------+-----+--------+

Top non-repeatable levels by time:
     D:2: 1436 daAuts
     D:1: 1331 daAuts
     D:4: 1205 daAuts
     D:3: 1174 daAuts
 Abyss:1: 60 daAuts
